 Dungeon Crawl Stone Soup version 0.20.1-1-g8b1a95d (webtiles) character file.

723 ChromeMolly the Sneak (level 7, 0/46 HPs)
             Began as an Octopode Fighter on Nov 9, 2017.
             Splashed by a jelly's acid (8 damage)
             ... on level 5 of the Dungeon.
             The game lasted 00:17:30 (4706 turns).

ChromeMolly the Sneak (Octopode Fighter)            Turns: 4706, Time: 00:17:31

Health: 0/46       AC:  1    Str: 15    XL:     7   Next: 71%
Magic:  7/7        EV: 12    Int: 11    God:
Gold:   215        SH:  9    Dex: 13    Spells: 6/6 levels left

rFire    . . .     SeeInvis .   a - +1 long sword
rCold    . . .     Gourm    .   b - +0 shield
rNeg     . . .     Faith    .   (helmet restricted)
rPois    .         Spirit   .   y - amulet of rage
rElec    .         Reflect  .   l - ring of wizardry
rCorr    .         Harm     .   (no ring)
MR       .....                  (no ring)
Stlth    ++++......             (no ring)
Regen    0.2/turn               (no ring)
MPRegen  0.1/turn               (no ring)
                                (no ring)
                                (no ring)

@: no status effects
A: almost no armour, stealthy swim, amphibious, 8 rings, constrict 8, camouflage
1, gelatinous body 1
a: Evoke Berserk Rage


You were on level 5 of the Dungeon.
You were not hungry.

You visited 1 branch of the dungeon, and saw 5 of its levels.

You collected 215 gold pieces.

Inventory:

Hand Weapons
 a - a +1 long sword (weapon)
 e - a +0 dagger of pain
 k - a +0 dagger
Missiles
 h - 104 stones (quivered)
 x - 26 bolts
Armour
 b - a +0 shield (worn)
Jewellery
 l - a ring of wizardry (left tentacle)
 y - an amulet of rage (around mantle)
Scrolls
 f - a scroll of amnesia
 o - a scroll of teleportation
Potions
 c - a potion of might
 g - a potion of lignification {unknown}
 j - a potion of mutation
 m - 3 potions of curing
 n - a potion of flight {unknown}
 r - 2 potions of haste
 s - a potion of degeneration {unknown}
 u - a potion of heal wounds {unknown}
 v - a potion of resistance {unknown}
 w - a potion of magic {unknown}
 A - a potion of invisibility {unknown}
Books
 q - the Disquisition on Summoning and the Arsonist
   (You found it on level 4 of the Dungeon)

   Spells                             Type                      Level
   a - Summon Butterflies             Summoning                    1
   b - Summon Small Mammal            Summoning                    1
   c - Inner Flame                    Hexes/Fire                   3
   d - Sticky Flame                   Conjuration/Fire             4
   e - Fireball                       Conjuration/Fire             5
   f - Bolt of Fire                   Conjuration/Fire             6
Comestibles
 d - 3 bread rations
 i - 4 fruits
 p - 5 chunks of flesh
 z - a royal jelly


   Skills:
 + Level 3.6 Fighting
 + Level 1.4(2.5) Short Blades
 + Level 3.2(3.4) Long Blades
 * Level 3.4 Throwing
 + Level 3.8 Dodging
 * Level 7.2 Stealth
 + Level 3.8 Shields


You had 6 spell levels left.
You didn't know any spells.

Dungeon Overview and Level Annotations

Branches:
Dungeon (5/15)
 Temple: D:4-7

Altars:
Ru


Innate Abilities, Weirdness & Mutations

You cannot wear most types of armour.
You are very stealthy in the water. (Stealth+)
You are amphibious.
You can wear up to eight rings at the same time.
You can use your tentacles to constrict eight enemies at once.
Your skin changes colour to match your surroundings (Stealth+).
Your rubbery body absorbs attacks. (AC +1, EV +1)


Message History

You block the water moccasin skeleton's attack.
The orc shouts!
The jelly quivers.
You slash the water moccasin skeleton!
You destroy the water moccasin skeleton!
Throwing (i - inventory):
h - 105 stones (quivered)
Press: ? - help, Shift-Dir - straight line, f - jelly
Aim: a jelly You throw a stone.
The stone hits the jelly but does no damage.
You slash the jelly!
Your tentacles burn!
The jelly is heavily wounded.
The jelly hits you.
You are splashed with acid!
The acid burns!
* * * LOW HITPOINT WARNING * * *
You barely miss the jelly. You squeeze the jelly.
The jelly is almost dead.
The jelly hits you.
* * * LOW HITPOINT WARNING * * *
You are splashed with acid!
The acid burns!
You die...

... ## #.#
.J (..
####o##(#
..soo...#
#o# #(#
#.#########
#..oJ@....#
#########.#
#.# #.# #.#
#.# #.# #.#
#.#


You could see a jelly and an orc.

Vanquished Creatures
  The ghost of ChromeMolly the Sneak, an amateur OpFi (D:4)
  An ogre (D:4)
  A water moccasin skeleton (D:5)
  A centaur zombie (D:4)
  An orc priest (D:5)
  Crazy Yiuf (D:4)
  2 orc wizards
  Jessica (D:3)
  6 worker ants
  7 adders
  A shadow imp (D:5)
  2 worms (D:2)
  A dart slug (D:1)
  9 orcs
  5 bats
  3 giant cockroaches
  8 goblins
  8 hobgoblins
  4 jackals (D:4)
  2 kobolds
  A quokka (D:4)
  4 ball pythons
  6 frilled lizards
  8 rats
  A fungus (D:4)
85 creatures vanquished.

Notes
Turn   | Place    | Note
-------+----------+-------------------------------------------
     0 | D:1      | ChromeMolly the Octopode Fighter began the quest for the Orb.
     0 | D:1      | Reached XP level 1. HP: 16/16 MP: 1/1
   363 | D:1      | Reached skill level 1 in Stealth
   593 | D:1      | Reached XP level 2. HP: 21/21 MP: 2/2
  1082 | D:2      | Reached XP level 3. HP: 21/26 MP: 3/3
  1226 | D:2      | Reached skill level 2 in Stealth
  1365 | D:2      | Reached skill level 1 in Throwing
  1378 | D:2      | Reached XP level 4. HP: 27/31 MP: 4/4
  1452 | D:2      | Reached skill level 3 in Stealth
  2269 | D:3      | Noticed Jessica
  2281 | D:3      | Killed Jessica
  2281 | D:3      | Reached XP level 5. HP: 8/36 MP: 5/5
  2667 | D:3      | Reached skill level 4 in Stealth
  3332 | D:4      | Found a sacrificial altar of Ru.
  3346 | D:4      | Reached XP level 6. HP: 22/42 MP: 6/6
  3346 | D:4      | Reached skill level 5 in Stealth
  3618 | D:4      | Reached skill level 1 in Short Blades
  3752 | D:4      | Identified the Disquisition on Summoning and the Arsonist
  3754 | D:4      | Noticed ChromeMolly's ghost (amateur OpFi)
  4287 | D:4      | Found a runed door.
  4291 | D:4      | Noticed Crazy Yiuf
  4295 | D:4      | Killed Crazy Yiuf
  4295 | D:4      | Reached skill level 6 in Stealth
  4295 | D:4      | Reached XP level 7. HP: 46/46 MP: 7/7
  4324 | D:4      | Killed ChromeMolly's ghost
  4564 | D:5      | Entered Level 5 of the Dungeon
  4654 | D:5      | Reached skill level 7 in Stealth
  4706 | D:5      | Splashed by a jelly's acid

Skill      XL: |  1  2  3  4  5  6  7 |
---------------+----------------------+-----
Stealth        | 1 2 3 4 6 7 |  7.2
Throwing       | 1 2 3 |  3.4
Short Blades   | 1 |  1.4
Long Blades    | 3 |  3.2
Fighting       | |  3.6
Dodging        | |  3.8
Shields        | |  3.8

Action                   |  1- 3 |  4- 6 |  7- 9 || total
-------------------------+-------+-------+-------++-------
Melee: Long sword        |    20 |    49 |    14 ||    83
       Dagger            |    30 |    48 |     8 ||    86
       Constrict         |    14 |    30 |     4 ||    48
       Tentacles         |     7 |    14 |     7 ||    28
Throw: Stone             |     8 |    31 |     5 ||    44
  Use: Scroll            |       |     8 |     1 ||     9
       Potion            |       |       |     1 ||     1
 Stab: Sleeping          |     8 |    11 |     3 ||    22
  Eat: Chunk             |     1 |     9 |     2 ||    12
Armor: Skin              |     4 |     2 |     1 ||     7
Dodge: Dodged            |    15 |    51 |    10 ||    76
Block: Shield            |    17 |    28 |     4 ||    49
       Rpst.: Long sword |     3 |     6 |     2 ||    11
